[Event "*** SCC Grand Prix: Titled Tuesday Blitz"]
[Site "Chess.com"]
[Date "2020.07.14"]
[Round "5"]
[White "Tactictic"]
[Black "Munkhzul_Turmunkh"]
[Result "0-1"]
[WhiteElo "2374"]
[BlackElo "2548"]
[TimeControl "180+1"]
[EndTime "10:57:54 PDT"]
[Termination "Munkhzul_Turmunkh won by resignation"]

1. e4 c5 2. Nf3 d6 3. d4 cxd4 4.
Nxd4 Nf6 5. Nc3 a6 6. Be3 e5 7. Nf3 Be7 8. Bc4 O-O 9. O-O Be6 10. Bb3 Nc6 11. Bg5 h6 12. Bxf6 Bxf6 13. Qd2 Qc7 14. Rad1 Rad8 15. Nd5 Bxd5 16. Bxd5 Ne7 17. c3 Ng6 18. g3 b5 19. Ne1 Bg5 20. Qd3 Qc5 21. h4 Bf6 22. Nc2 Kh7 23. Ne3 Ne7 24. Kg2 g6 25. h5 Bg5 26. f4 exf4 27. gxf4 Bf6 28. Ng4 Bg7 29. f5 gxf5 30. exf5 Qxd5+ 31. Qxd5 Nxd5 32. Rxd5 Rfe8 33. f6 Bf8 34. Kf3 Rc8 35. Rfd1 Rc4 36. R1d4 Rc6 37. Re4 Re6 38. Rd3 Rc5 39. Rde3 Rf5+ 40. Ke2 Rxe4 41. Rxe4 d5 42. Re5 Rf4 43. Ne3 Rxf6 44. Nxd5 Rc6 45. Rf5 Kg7 46. Kd3 Bc5 47.
b3 Ba7 48. c4 bxc4+ 49. bxc4 Re6 50. Rf3 f6 51. Ne3 Rd6+ 52. Kc3 Bxe3 53. Rxe3 f5 54. c5 Rd1 55. Re6 f4 56. Rxa6 f3 57. Ra7+ Kf6 58. Ra4 Ke5 59. c6 f2 60. c7 f1=Q 61. Ra5+ Kd6 62. c8=N+ Kc7 63. Rc5+ Kd8 64. Nb6 Qd3+ 65. Kb4 Rb1+ 66. Ka4 Rxb6 67. a3 Ra6+ 68.
Kb4 Qxa3+ 69. Kc4 Qxc5+ 70. Kxc5 Ra5+ 71. Kd4 Rxh5 72. Ke4 Ra5 73. Kf4 h5 74. Kf3 Ke7 75.
Kg3 Kf6 76. Kh4 Kg6 77. Kg3 Kg5 78. Kh3 Ra3+ 79. Kg2 Kg4 80. Kh2 Ra2+ 0-1

[Event "*** SCC Grand Prix: Titled Tuesday Blitz"]
[Site "Chess.com"]
[Date "2020.07.14"]
[Round "5"]
[White "Kolle05"]
[Black "heyiampotato"]
[Result "1-0"]
[WhiteElo "2384"]
[BlackElo "2521"]
[TimeControl "180+1"]
[EndTime "10:57:55 PDT"]
[Termination "Kolle05 won by checkmate"]

1. e4 c5 2. Nf3 d6 3. d3 Nc6 4. g3 g6 5. Bg2 Bg7 6. O-O e6 7. Re1 Nge7 8. c3 e5 9. a3 O-O 10. b4 b6 11. Be3 h6 12. b5 Na5 13.
Nbd2 d5 14. exd5 Nxd5 15. Qc2 Bb7 16. Nb3 Nxe3 17. Rxe3 Nxb3 18. Qxb3 Bd5 19. Qc2 Qd6 20. Rae1 Rfe8 21. Nd2 Bxg2 22. Kxg2 Rad8 23. Nc4 Qd5+ 24.
Kg1 h5 25. f4 e4 26. Rxe4 Rxe4 27. Rxe4 Qxd3 28. Re8+ Kh7 29. Qxd3 Rxd3 30. Re7 Rxc3 31. Nd6 Rxa3 32. Rxf7 Kg8 33. Rc7 Bd4+ 34. Kg2 h4 35. Nc8 Ra2+ 36. Kh3 hxg3 37. hxg3 Rc2 38. Nxa7 c4 39. Nc6 Bc5 40. Ne5 c3 41. Nd7 Bd4 42.
Ne5 Rb2 43. Nxg6 c2 44. Ne7+ Kf8 45. Nf5 Bf6 46. Ne3 Rxb5 47. Nxc2 Rc5 48. Rxc5 bxc5 49. Ne3 Kg7 50. Nc4 Bd4 51. Kg4 Kf6 52. Kf3 Ke6 53. Ke4 Bf2 54. g4 Be1 55. g5 Bh4 56. f5+ Kf7 57.
Kf4 Bf2 58. Ne5+ Ke7 59. f6+ Ke6 60. f7 Ke7 61. g6 Bd4 62. Kf5 Kf8 63. Nd7+ Ke7 64.
f8=Q+ Kxd7 65. Qf7+ Kc6 66. g7 Kb5 67. g8=Q c4 68. Qxc4+ Kb6 69. Qb8+ Ka5 70. Qcb5# 1-0

[Event "*** SCC Grand Prix: Titled Tuesday Blitz"]
[Site "Chess.com"]
[Date "2020.07.14"]
[Round "5"]
[White "Alopekos"]
[Black "szachuspl"]
[Result "0-1"]
[WhiteElo "2344"]
[BlackElo "2516"]
[TimeControl "180+1"]
[EndTime "10:57:56 PDT"]
[Termination "szachuspl won on time"]

1. e4 c5 2. Nc3 e6 3. Nf3 Nc6 4. d4 cxd4 5. Nxd4 a6 6. Be3 Nf6 7. Nxc6 bxc6 8. e5 Nd5 9. Nxd5 cxd5 10. Bd4 Be7 11. Bd3 O-O 12. Qh5 g6 13. Qh6 Bg5 14. Qh3 f6 15. Qg3 fxe5 16. Qxe5 Bf6 17. Qe3 e5 18. Bb6 Qe7 19. Qc5 Qe6 20. O-O-O Bb7 21. f3 Rfc8 22. Qa5 d4 23. Rhe1 Qf7 24. Rxe5 Bxe5 25.
Qxe5 Qd5 26. Qxd4 Qxd4 27. Bxd4 Re8 28. Bc4+ Kf8 29. Bc5+ Kg7 30. Rxd7+ Kh6 31. Rxb7 Rac8 32. b4 a5 33. a3 Kg5 34. Kb2 h5 35. Rd7 h4 36.
Rd5+ Kf4 37. Bd3 Re6 38. Rd4+ Kg5 39. Rg4+ Kh5 40. Rxh4+ Kxh4 41. Be4 Kg5 42. Be3+ Kf6 43. Bd4+ Ke7 44. b5 a4 45. b6 Rxb6+ 46. Bxb6 Rb8 47.
c4 Rxb6+ 48. Kc2 Kd6 49. Bxg6 Kc5 50. Be8 Kxc4 51. Bxa4 Rg6 52. Bb3+ Kd4 53. g3 Rh6 54. h4 Rf6 55. f4 Rg6 56. f5 Rxg3 57. h5 Rg2+ 58. Kd1 Kd3 59. Ke1 Ke3 60. Kf1 Rf2+ 61. Kg1 Rxf5 62. h6 Rh5 63. a4 Rxh6 64. Kg2 Rb6 65. Bc4 Rb2+ 66. Kg3 Rb8 67. Kg4 Rf8 68. Kg5 Rf4 69. Bb5 Ke4 70. Kg6 Ke5 71. Kh7 Kf6 72. Kh8 Rg4 73. Kh7 Kf7 74. Kh6 Kf6 75.
Kh7 Rh4+ 76. Kg8 Rd4 77. Kh7 Rd8 0-1

[Event "*** SCC Grand Prix: Titled Tuesday Blitz"]
[Site "Chess.com"]
[Date "2020.07.14"]
[Round "5"]
[White "pfalcon1949"]
[Black "LubovMarkelova"]
[Result "0-1"]
[WhiteElo "2065"]
[BlackElo "2185"]
[TimeControl "180+1"]
[EndTime "10:57:59 PDT"]
[Termination "LubovMarkelova won by checkmate"]

1. d4 d5 2. c4 c6 3. cxd5 cxd5 4. Nc3 Nf6 5. Bf4 Nc6 6. e3 Bf5 7. Qb3 Na5 8. Bb5+ Nc6 9. Rc1 e6 10. Nf3 Bd6 11. Ne5 Bxe5 12. dxe5 Nd7 13. O-O O-O 14. Bxc6 bxc6 15. Ne2 c5 16. Rfd1 Rb8 17.
Qc3 Qb6 18. b3 Rfc8 19. h3 h6 20. g4 Bg6 21. Ng3 Qb4 22. Kg2 c4 23. bxc4 Rxc4 24.
Qxb4 Rbxb4 25. Rxc4 Rxc4 26. Rd2 Nc5 27. h4 Rc2 28.
Rd4 Nd3 29. Ra4 Rxf2+ 30. Kh3 Rb2 31. h5 Nf2+ 32. Kh4 Be4 33. Nxe4 Nxe4 34. Rxa7 Rg2 35. a4 Nf2 36. Bg3 Nd1 37. Bf4 Nf2 38. Bg3 Ne4 39.
Bf4 Rg1 40. Ra8+ Kh7 41. Kh3 Nf2+ 42. Kh2 Rxg4 43. a5 Nd3 44. a6 Nxf4 45. a7 Rg2+ 46. Kh1 Ra2 47. exf4 d4 48. Kg1 d3 49. Kf1 Ra1+ 50.
Kf2 d2 51. Rd8 d1=Q 52. Rxd1 Rxa7 53. Rd6 Ra4 54. Kg3 Ra3+ 55. Kg4 g6 56. Rd7 gxh5+ 57. Kxh5 Kg7 58. Kg4 Ra4 59. Re7 Kg6 60. Kg3 h5 61.
Kh4 Rxf4+ 62. Kg3 Re4 63. Kf3 Rxe5 64. Re8 Rf5+ 65. Kg3 Kf6 66. Rg8 e5 67. Rh8 Rg5+ 68.
Kf3 Rf5+ 69. Ke3 Ke6 70. Rh6+ f6 71. Rh7 Rf4 72. Rh8 h4 73. Rh5 Kd5 74. Rh6 Rg4 75. Rh5 h3 76. Ke2 Rg2+ 77. Kf3 Rc2 78. Rxh3 Rc3+ 79.
Kg2 Rxh3 80. Kxh3 Kd4 81. Kg4 Kd3 82. Kf5 e4 83. Kxf6 e3 84. Ke5 e2 85. Kf4 e1=Q 86. Kf5 Qe3 87. Kg6 Qf4 88. Kh7 Qg5 89. Kh8 Ke4 90. Kh7 Kf5 91. Kh8 Kf6 92. Kh7 Qg7# 0-1

[Event "*** SCC Grand Prix: Titled Tuesday Blitz"]
[Site "Chess.com"]
[Date "2020.07.14"]
[Round "5"]
[White "FlamingPhoenix123"]
[Black "EvgenyRomanov"]
[Result "1/2-1/2"]
[WhiteElo "2434"]
[BlackElo "2599"]
[TimeControl "180+1"]
[EndTime "10:58:00 PDT"]
[Termination "Game drawn by stalemate"]

1. e4 c5 2. Nf3 d6 3. d4 cxd4 4.
Nxd4 Nf6 5. Nc3 Nc6 6. Bg5 e6 7. Qd2 a6 8. O-O-O Qb6 9. Be3 Qc7 10. f3 Be7 11. g4 O-O 12. h4 Ne5 13. Kb1 b5 14. g5 Nh5 15. f4 Nc4 16. Bxc4 Qxc4 17. Qd3 Bb7 18. Qxc4 bxc4 19. Nde2 g6 20. Rd4 Rfc8 21.
Rhd1 Rab8 22. R4d2 Bc6 23. Ka1 Rb4 24. a3 Rb7 25. Rd4 Be8 26. f5 gxf5 27. exf5 d5 28. fxe6 fxe6 29. R4d2 Bg6 30. Nd4 e5 31. Nxd5 exd4 32.
Bxd4 Bf8 33. Bc3 Be4 34. Nf6+ Nxf6 35. gxf6 Kf7 36. Rd7+ Rxd7 37. Rxd7+ Ke6 38. Ra7 Bxc2 39. Rxa6+ Kf7 40. Ra7+ Kg6 41. Rd7 Ba4 42. Rd2 Re8 43. Rg2+ Kf7 44. Kb1 Rd8 45. Rg1 Rd1+ 46. Rxd1 Bxd1 47.
Kc1 Bb3 48. Kd2 Bh6+ 49. Ke2 Bf4 50. Kf3 Bc7 51. Ke4 Ke6 52. Kd4 Be5+ 53. Kc5 Bxc3 54. bxc3 Kxf6 55. Kb5 Kg6 56. a4 Kh5 57. a5 Kxh4 58.
a6 Bd1 59. Kxc4 Bf3 60. Kb5 Kg3 61. c4 h5 62. c5 h4 63. c6 Bxc6+ 64. Kxc6 h3 65.
a7 h2 66. Kb7 h1=Q+ 67. Kb8 Qb1+ 68. Kc8 Qe4 69. Kb8 Qb4+ 70. Kc7 Qe4 71. Kb8 Qb4+ 72. Kc8 Qc5+ 73. Kb8 Qb5+ 74. Kc8 Qc6+ 75. Kb8 Qb6+ 76.
Ka8 Qc7 1/2-1/2

[Event "*** SCC Grand Prix: Titled Tuesday Blitz"]
[Site "Chess.com"]
[Date "2020.07.14"]
[Round "5"]
[White "Gandrade2"]
[Black "biaf13"]
[Result "1/2-1/2"]
[WhiteElo "2110"]
[BlackElo "1954"]
[TimeControl "180+1"]
[EndTime "10:58:00 PDT"]
[Termination "Game drawn - insufficient material"]

1. d4 Nf6 2. c4 g6 3. Nc3 d5 4. cxd5 Nxd5 5. Bd2 Bg7 6. e4 Nb6 7. Be3 O-O 8. Nf3 Bg4 9. Be2 Bxf3 10. Bxf3 Nc4 11.
O-O Nc6 12. e5 Rb8 13. b3 Nb6 14. a4 e6 15. Rc1 Qd7 16. Nb5 a6 17. Nc3 Rbd8 18.
Bxc6 Qxc6 19. Nb5 Qd5 20. Nxc7 Qd7 21. Qf3 Rb8 22. a5 Nc8 23. Rc2 Ne7 24. Rfc1 Nc6 25. Nxa6 bxa6 26. Rxc6 Rxb3 27. Rxa6 Qb5 28. Qc6 Qb4 29.
Qc4 Rb8 30. Qxb4 R3xb4 31. h3 Bf8 32. Rac6 Ra4 33. a6 Ra8 34. Rc8 R4xa6 35. Rxa8 Rxa8 36. Kf1 Kg7 37. Ke2 Ra2+ 38. Kf1 Ra3 39. Rc2 Ra1+ 40. Ke2 Be7 41. g3 Ra3 42. h4 Ra4 43. Rb2 Bd8 44. Rb7 Ba5 45. Kf3 Bc3 46. Ke4 Ba1 47. f4 Bc3 48. Rb3 Ba5 49. Kd3 Bd8 50. Bf2 Be7 51. g4 Ra2 52. Bg3 h5 53. gxh5 gxh5 54. Ke4 Rg2 55.
Kf3 Rg1 56. Rd3 Ra1 57. d5 exd5 58. Rxd5 Ra3+ 59. Kg2 Ra2+ 60. Kh3 Ra3 61. Kh2 Ra2+ 62. Kg1 Ra1+ 63. Kf2 Ra2+ 64. Kf1 Ra3 65. Bf2 Rf3 66. Rd4 Bxh4 67. Rd2 Rxf4 68. Kg2 Bxf2 69. Rxf2 Rxf2+ 70. Kxf2 Kg6 71. Kg3 Kf5 72. Kh4 Kxe5 73. Kxh5 Kf4 74.
Kh4 Ke3 75. Kg5 Ke4 76. Kf6 Kf4 77. Kxf7 1/2-1/2

[Event "*** SCC Grand Prix: Titled Tuesday Blitz"]
[Site "Chess.com"]
[Date "2020.07.14"]
[Round "5"]
[White "Gabrielian_Artur"]
[Black "vovachesss"]
[Result "1/2-1/2"]
[WhiteElo "2802"]
[BlackElo "2613"]
[TimeControl "180+1"]
[EndTime "10:58:04 PDT"]
[Termination "Game drawn - insufficient material"]

1. e4 c6 2. d4 d5 3. exd5 cxd5 4.
c4 Nf6 5. Nc3 e6 6. Nf3 Be7 7.
cxd5 Nxd5 8. Bc4 O-O 9. O-O Nc6 10. Re1 b6 11. Nxd5 exd5 12. Bb5 Bd7 13. Bf4 Nb4 14. Bxd7 Qxd7 15. a3 Nc6 16. Qd3 Rac8 17. Re2 Bf6 18. Rae1 Rfe8 19. Qf5 Re6 20. Rxe6 fxe6 21. Qd3 Na5 22. h4 Nc4 23. Re2 b5 24. Bg5 Nd6 25. Ne5 Bxe5 26. dxe5 Nc4 27. Kh2 Qf7 28.
Qg3 Qg6 29. Qh3 h6 30. Be7 Rc7 31. Bd6 Rf7 32. b3 Nb6 33. h5 Qf5 34. Qxf5 Rxf5 35. Rc2 Rxh5+ 36. Kg1 d4 37. f3 Nd5 38. Rd2 Nf4 39.
Kf2 Rg5 40. g4 Ng6 41. Rxd4 Nxe5 42. Bxe5 Rxe5 43. Rd7 a5 44. Rb7 Rc5 45. b4 axb4 46. axb4 Rd5 47. Ke3 Kh7 48. f4 Kg6 49. Ke4 Kf6 50.
Ke3 h5 51. g5+ Kg6 52. Ke4 h4 53. Rb8 Kh5 54. Rh8+ Kg4 55. Rh7 g6 56. Rh6 h3 57.
Rxg6 Rd2 58. Rh6 h2 59. g6 Re2+ 60. Kd3 Rg2 61. g7 Kxf4 62. Rxh2 Rxg7 63. Rh4+ Ke5 64. Rh5+ Kd6 65. Rxb5 Rg3+ 66. Kc4 Rg4+ 67. Kb3 e5 68. Rb8 e4 69. Rd8+ Ke7 70. Rd4 Ke6 71. b5 Ke5 72. Rd8 Rg1 73. Kb4 Rb1+ 74. Kc5 e3 75. Re8+ Kf4 76. b6 Kf3 77. Kc6 e2 78. Rxe2 Kxe2 79.
b7 Rxb7 80. Kxb7 1/2-1/2

[Event "*** SCC Grand Prix: Titled Tuesday Blitz"]
[Site "Chess.com"]
[Date "2020.07.14"]
[Round "5"]
[White "Oglob71"]
[Black "Evgeny81"]
[Result "1/2-1/2"]
[WhiteElo "2526"]
[BlackElo "2747"]
[TimeControl "180+1"]
[EndTime "10:58:05 PDT"]
[Termination "Game drawn by repetition"]

1. d4 Nf6 2. Nf3 d5 3. c4 dxc4 4. e3 e6 5. Bxc4 a6 6. O-O b5 7. Be2 Bb7 8. a4 b4 9. Nbd2 c5 10.
Nb3 Nbd7 11. dxc5 Nxc5 12. Qxd8+ Rxd8 13. Na5 Bd5 14. Bd2 Rb8 15. Nd4 Nfe4 16. Be1 Rb6 17.
f3 Nf6 18. e4 Ba8 19. Nc4 Rb8 20. a5 Nfd7 21. Bg3 Rc8 22. Nd6+ Bxd6 23. Bxd6 e5 24. Nf5 g6 25. Ne3 Nb3 26. Rad1 Nd4 27. Bxa6 Rc6 28. Nc4 Rxa6 29. Bxb4 Nb5 30. Rd2 f6 31. Rfd1 Bc6 32.
Nb6 Ra7 33. Nc8 Rc7 34. Nd6+ Nxd6 35. Bxd6 Ra7 36. Bc5 Rxa5 37. b4 Ra8 38. Rd6 Bb5 39.
Re6+ Kd8 40. Rxf6 Kc7 41. Rf7 Rad8 42. Rd5 Bc6 43. Rxe5 Kc8 44. Ree7 Bb5 45. Rxh7 Rxh7 46. Rxh7 Ne5 47. Re7 Nd3 48. h4 Rh8 49. g3 Kd8 50.
Rg7 Be8 51. Bd4 Rf8 52. f4 Nxb4 53. Kf2 Nc6 54. Bc5 Rf6 55. Ke3 Re6 56. e5 Bd7 57. Ke4 Kc7 58. Bd6+ Kd8 59. h5 gxh5 60. Rh7 Re8 61.
f5 Kc8 62. Rxh5 Nd8 63. Rh7 Bc6+ 64. Kf4 Bd7 65. e6 Bxe6 66. fxe6 Nxe6+ 67. Kf5 Kd8 68. Ra7 Nd4+ 69. Kf4 Nc6 70. Rc7 Nd4 71. Ra7 Ne6+ 72. Kf5 Nd4+ 73. Kf4 1/2-1/2

[Event "*** SCC Grand Prix: Titled Tuesday Blitz"]
[Site "Chess.com"]
[Date "2020.07.14"]
[Round "5"]
[White "Witik"]
[Black "2900tactinhos"]
[Result "1/2-1/2"]
[WhiteElo "2670"]
[BlackElo "2432"]
[TimeControl "180+1"]
[EndTime "10:58:06 PDT"]
[Termination "Game drawn by repetition"]

1. d4 Nf6 2. c4 e6 3. Nf3 b6 4. a3 Bb7 5. Nc3 d5 6. cxd5 Nxd5 7. Qc2 Nd7 8. Bd2 c5 9. e4 Nxc3 10. Bxc3 cxd4 11. Nxd4 Be7 12. Bb5 Rc8 13. Rd1 Rc7 14. Qa4 O-O 15. Nxe6 fxe6 16. Bxd7 Bd5 17. Bxe6+ Bxe6 18. Rxd8 Rxd8 19. O-O Bc4 20. Re1 b5 21. Qa5 Rcd7 22.
h3 Bc5 23. Qa6 Rf7 24. Kh1 Bxf2 25. Rc1 Be3 26. Re1 Bf2 27. Ra1 Bg3 28. Rg1 Rdf8 29. Bd4 Re8 30. Qc6 Rfe7 31. e5 Bxe5 32. Bxe5 Rxe5 33.
a4 R8e6 34. Qc8+ Re8 35. Qa6 R8e7 36. b3 Bxb3 37. axb5 h6 38. Rc1 Kh7 39. Rc3 Bd5 40. Rg3 Bf7 41. Kh2 R5e6 42. Qa3 Re5 43. Qd3+ Kh8 44. Qd8+ Kh7 45. Qd4 Kh8 46. Rf3 Bg6 47. Rg3 Kh7 48. Ra3 R5e6 49. Rxa7 Re4 50. Qc5 R7e5 51.
Qg1 Rxb5 52. Qa1 Rbe5 53. Ra2 Re2 54. Rxe2 Rxe2 55. Qf1 Re4 56. Qf3 Re6 57. Qf4 Rf6 58. Qe5 Rf5 59. Qd4 Rf6 60. g4 Re6 61. Kg3 Re4 62. Qd2 Re6 63. h4 h5 64. g5 Re4 65. Qd5 Rg4+ 66. Kh3 Re4 67. Kg3 Rg4+ 68. Kh3 Re4 69. Kg3 1/2-1/2

[Event "*** SCC Grand Prix: Titled Tuesday Blitz"]
[Site "Chess.com"]
[Date "2020.07.14"]
[Round "5"]
[White "Caterpiller35"]
[Black "Jaka_Brilej"]
[Result "1/2-1/2"]
[WhiteElo "2440"]
[BlackElo "2321"]
[TimeControl "180+1"]
[EndTime "10:58:08 PDT"]
[Termination "Game drawn - insufficient material"]

1. d4 f5 2. Nc3 Nf6 3. Bg5 d5 4.
Bxf6 exf6 5. e3 Be6 6. Qf3 Qd7 7. Bd3 Nc6 8. a3 O-O-O 9. Nge2 Bd6 10. h4 g6 11.
O-O-O Kb8 12. Nf4 Bxf4 13. Qxf4 h5 14. Ne2 Ne7 15. Qg3 Bf7 16. Nf4 Nc8 17. f3 Nd6 18.
Qf2 a6 19. Rhg1 Rhg8 20. Rde1 Qa4 21. Qd2 a5 22. Qc3 b6 23. Qb3 Qxb3 24. cxb3 Rde8 25. Kd2 Re7 26. g4 fxg4 27. fxg4 hxg4 28. Rxg4 Ne4+ 29.
Bxe4 Rxe4 30. Reg1 Rge8 31. R4g3 Kb7 32. Re1 Rg8 33. Reg1 Rge8 34. Rf3 Rg8 35. Nd3 f5 36. Ne5 Be8 37. h5 c5 38. hxg6 cxd4 39. exd4 Rxd4+ 40. Rd3 Re4 41. Rxd5 f4 42. Kd3 Re3+ 43. Kd4 Rxb3 44. g7 Rg3 45. Rf1 R8xg7 46. Rxf4 Rg2 47. Nd3 Rc7 48. Rd8 Bc6 49. Rff8 Rg4+ 50. Ke3 Re7+ 51. Kd2 Rd7 52. Rxd7+ Bxd7 53. Rf7 Rd4 54. Kc3 Rd6 55.
b4 Rc6+ 56. Kd4 Rc7 57. Ne5 Bc8 58. Rxc7+ Kxc7 59. Kc4 axb4 60. axb4 Bf5 61. Nf3 Be6+ 62. Kb5 Bh3 63. Nd4 Bf1+ 64. Ka4 Kb7 65. Kb3 Bh3 66. Kc3 Bg2 67. Kd3 Bh3 68. Ke3 Bg2 69. Kf4 Bd5 70. Ke5 Bh1 71. Kd6 Ka6 72.
Kc7 Ka7 73. Ne6 Ka6 74. Nd4 Ka7 75. Nb5+ Ka6 76. Nc3 Ka7 77. Na4 Ka6 78. Nxb6 Kb5 79. Nd5 Bxd5 80. Kd6 Kxb4 1/2-1/2

[Event "*** SCC Grand Prix: Titled Tuesday Blitz"]
[Site "Chess.com"]
[Date "2020.07.14"]
[Round "5"]
[White "OparinGrigoriy"]
[Black "VovenRogel"]
[Result "1/2-1/2"]
[WhiteElo "2920"]
[BlackElo "2734"]
[TimeControl "180+1"]
[EndTime "10:58:10 PDT"]
[Termination "Game drawn - insufficient material"]

1. Nf3 d5 2. g3 g6 3. Bg2 Bg7 4.
O-O e5 5. d3 Ne7 6. c4 dxc4 7.
dxc4 O-O 8. Nc3 h6 9. Be3 Na6 10. Nb5 Be6 11. Rc1 Nf5 12. Bxa7 Qxd1 13. Rfxd1 c6 14.
g4 Ne7 15. Be3 cxb5 16. cxb5 Nb4 17. a3 Nbd5 18. Bc5 Rfc8 19. Nd2 Nf4 20. Bf3 Rc7 21. Bd6 Rd7 22. Ne4 Ned5 23. e3 Nh3+ 24. Kg2 f5 25. gxf5 gxf5 26. Nc5 Rxd6 27. Nxe6 e4 28. Kxh3 exf3 29.
Nc7 Rad8 30. b6 Nxb6 31. Rxd6 Rxd6 32. Nb5 Rc6 33. Rd1 Bxb2 34. Rd8+ Kf7 35. Rb8 Rc4 36.
Rxb7+ Ke6 37. Kg3 Nd7 38. Kxf3 Ne5+ 39. Ke2 Rc2+ 40. Kf1 Nd3 41. Kg1 Rc1+ 42. Kg2 Rc2 43. Kh3 Nxf2+ 44. Kh4 Ne4 45. Rb6+ Kd5 46. a4 Kc4 47.
Kh5 Bf6 48. Kg6 Rg2+ 49. Kf7 Kc5 50. Ke6 Kb4 51. Kxf5 Ka5 52. Rb8 Nc5 53. Kxf6 Nxa4 54. Kf5 Rb2 55. Ra8+ Kxb5 56. Rh8 Kc4 57. Rxh6 Nc3 58.
Rh4+ Kd3 59. e4 Rf2+ 60. Rf4 Re2 61. e5 Nd5 62. Rh4 Ne3+ 63. Kf6 Nc4 64. e6 Nd6 65.
Rh5 Kd4 66. e7 Ne8+ 67. Kf7 Nd6+ 68. Kf8 Rf2+ 69. Kg8 Re2 70. Kf8 Rf2+ 71. Kg8 Re2 72. Rh7 Kd5 73. h4 Ke6 74. Rg7 Kd7 75. h5 Rxe7 76.
Rxe7+ Kxe7 77. h6 Nf7 78. h7 Ke8 79. Kg7 Ke7 80. Kg6 Ke8 81. Kf6 Kf8 82. Kg6 Nh8+ 83. Kh6 Kf7 84. Kg5 Kg7 85. Kf5 Kxh7 1/2-1/2

[Event "*** SCC Grand Prix: Titled Tuesday Blitz"]
[Site "Chess.com"]
[Date "2020.07.14"]
[Round "5"]
[White "AvitalBor"]
[Black "Korona_91"]
[Result "1-0"]
[WhiteElo "2730"]
[BlackElo "2494"]
[TimeControl "180+1"]
[EndTime "10:58:10 PDT"]
[Termination "AvitalBor won on time"]

1. e4 e6 2. d4 d5 3. Nd2 a6 4.
Ngf3 c5 5. exd5 exd5 6. c3 Nc6 7.
dxc5 Bxc5 8. Nb3 Bb6 9. Bd3 Qe7+ 10. Qe2 Bg4 11. O-O Qxe2 12. Bxe2 Nf6 13. h3 Bh5 14. g4 Bg6 15. Nbd4 O-O 16. Be3 Nxd4 17.
Bxd4 Nd7 18. Rfe1 Rfe8 19. Rad1 Be4 20. Bxb6 Nxb6 21. Nd4 f6 22. Bf1 Bg6 23. Bg2 Rxe1+ 24. Rxe1 Re8 25. Rxe8+ Bxe8 26. Kf1 Kf7 27. Ke2 Bd7 28.
b3 Ke7 29. Ke3 Kd6 30. Ne2 Nc8 31. Nf4 Ne7 32. Nh5 f5 33. g5 h6 34. f4 hxg5 35.
fxg5 g6 36. Nf4 a5 37. h4 b5 38. a3 Be8 39. b4 axb4 40. axb4 Bf7 41. Bf3 Nc6 42.
h5 gxh5 43. g6 Bg8 44. Bxh5 Ne5 45. Be2 Ke7 46. Kd4 Kd6 47. Bxb5 Nf3+ 48. Ke3 Ng5 49. Bd3 Ke5 50. Be2 Ne4 51. Nd3+ Kf6 52. b5 Nxc3 53. b6 d4+ 54. Kxd4 Nxe2+ 55. Kc5 Nc3 56. b7 Ne4+ 57. Kb6 Bc4 58. b8=Q Bxd3 59. Qd8+ Kxg6 60.
Qxd3 Kf6 61. Qd4+ Ke6 62. Kc6 Kf7 63. Qe5 Kg6 64. Kd5 Ng5 65. Qd6+ Kh5 66. Qh2+ Kg6 67. Qg1 Kh5 68. Qf1 Kg6 69. Ke5 Nf7+ 70. Kf4 Nh6 71.
Qg2+ Kh7 72. Ke5 Kh8 73. Ke6 f4 74. Qg6 1-0

[Event "*** SCC Grand Prix: Titled Tuesday Blitz"]
[Site "Chess.com"]
[Date "2020.07.14"]
[Round "5"]
[White "kidagent"]
[Black "Falia-p"]
[Result "1/2-1/2"]
[WhiteElo "2227"]
[BlackElo "2395"]
[TimeControl "180+1"]
[EndTime "10:58:10 PDT"]
[Termination "Game drawn - insufficient material"]

1. e4 e5 2. Nf3 Nc6 3. Bb5 a6 4. Ba4 Nf6 5. O-O b5 6. Bb3 Bc5 7.
d3 d6 8. a4 Rb8 9. c3 h6 10. h3 O-O 11. Re1 Bb6 12. Nbd2 Ne7 13.
Nf1 Ng6 14. Be3 Bxe3 15. Nxe3 Nf4 16. axb5 axb5 17. Nf5 Bxf5 18. exf5 Qd7 19. Nh4 c5 20.
Kh2 Qc6 21. g3 Nxd3 22. Bxf7+ Rxf7 23. Qxd3 e4 24. Qc2 Re8 25. Rad1 d5 26. Qe2 Nd7 27.
f4 c4 28. Qd2 Nf6 29. Ng6 Qc5 30. Ne5 Rfe7 31. Ra1 Rxe5 32. fxe5 Rxe5 33. Qf4 Re8 34.
Ra6 b4 35. Rxf6 gxf6 36. Re2 Qf8 37. cxb4 Kh7 38. b5 Qe7 39. b6 d4 40. Qc7 d3 41.
Rxe4 Qxc7 42. bxc7 Rc8 43. Rxc4 d2 44. Rd4 Rxc7 45.
Rxd2 Rc5 46. g4 Rb5 47. Kg3 h5 48. Kf4 hxg4 49. hxg4 Rb4+ 50. Kf3 Kh6 51. Rh2+ Kg7 52. Rg2 Kh6 53. Ke3 Kg5 54. Kd3 Rb3+ 55. Kc2 Rf3 56.
b4 Kh4 57. Kb2 Kh3 58. Rc2 Kxg4 59. b5 Rxf5 60. Rc4+ Kg3 61. Rb4 Rd5 62. b6 Rd8 63.
b7 Rb8 64. Rb5 Kg4 65. Kc3 f5 66. Kd4 f4 67. Ke4 Re8+ 68. Kd5 Kg3 69. b8=Q Rxb8 70.
Rxb8 f3 71. Rf8 f2 72. Ke4 Kg2 73. Rg8+ Kh1 74. Rf8 Kg1 75. Ke3 f1=Q 76. Rxf1+ Kxf1 1/2-1/2

[Event "*** SCC Grand Prix: Titled Tuesday Blitz"]
[Site "Chess.com"]
[Date "2020.07.14"]
[Round "5"]
[White "Semen_Khanin"]
[Black "Mfcyryd"]
[Result "0-1"]
[WhiteElo "2752"]
[BlackElo "2567"]
[TimeControl "180+1"]
[EndTime "10:58:11 PDT"]
[Termination "Mfcyryd won by resignation"]

1. e4 c6 2. d4 d5 3. Nd2 dxe4 4. Nxe4 Nf6 5. Nxf6+ exf6 6. c3 Bd6 7. Bd3 O-O 8.
Qc2 h6 9. Ne2 Na6 10. O-O Nc7 11.
Bf4 Nd5 12. Bxd6 Qxd6 13. a3 b5 14. a4 b4 15. c4 Nf4 16. Nxf4 Qxf4 17. Bh7+ Kh8 18. Be4 Rb8 19. g3 Qd6 20. Rad1 Bg4 21. Rd2 a5 22. Bg2 Rfe8 23. c5 Qd7 24. d5 cxd5 25.
Rxd5 Qc7 26. c6 Rbd8 27. Rb5 Bc8 28. Rc1 g6 29. Rd5 Rxd5 30. Bxd5 Kg7 31. Qc4 Qe5 32. Bxf7 Rd8 33. c7 Rd4 34. Qb3 Rd2 35. Bg8 Qe8 36. Bd5 Qe5 37. Bg2 Qxb2 38. Qe3 Qxc1+ 39. Bf1 Kf7 40.
Qxh6 Ba6 41. Qh7+ Ke6 42. Qg8+ Kf5 43. c8=Q+ Bxc8 44. g4+ Kf4 45. Qxg6 Qc3 46. Qh6+ Kxg4 47. Qg6+ Kf4 48. Qh6+ Ke5 49. Qh5+ Bf5 50. Qe8+ Kf4 51. Qh5 Rd3 52. Qh4+ Ke5 53. Qh8 Rd6 54. Qe8+ Re6 55.
Qb8+ Kd5 56. Qb5+ Qc5 57. Bg2+ Be4 58. Qd3+ Ke5 59. Bxe4 Qd4 60. Qg3+ Kxe4 61. Qg4+ Kd5 62. Qf3+ Kc4 63. Qf5 Re1+ 64. Kg2 Qd5+ 65. Qf3 Qxf3+ 0-1

[Event "*** SCC Grand Prix: Titled Tuesday Blitz"]
[Site "Chess.com"]
[Date "2020.07.14"]
[Round "5"]
[White "plumalka"]
[Black "poppy73"]
[Result "1/2-1/2"]
[WhiteElo "2408"]
[BlackElo "2235"]
[TimeControl "180+1"]
[EndTime "10:58:14 PDT"]
[Termination "Game drawn - insufficient material"]

1. e4 c5 2. Nf3 d6 3. d4 cxd4 4. Nxd4 Nf6 5. Nc3 a6 6. Nb3 Nbd7 7. g4 h6 8. a4 e5 9. h4 b6 10. Bg2 Bb7 11. g5 hxg5 12. hxg5 Rxh1+ 13. Bxh1 Ng8 14. g6 fxg6 15. Qg4 Qf6 16. Bg5 Nh6 17. Qh4 Qe6 18.
O-O-O Qg4 19. Nd5 Bxd5 20. Rxd5 Qxh4 21. Bxh4 Nf6 22. Rd1 Nf7 23. Bg3 Nd8 24. Nd2 Ne6 25. Nc4 Nd4 26. c3 Ne2+ 27. Kc2 Nxg3 28. fxg3 b5 29. axb5 axb5 30. Nxd6+ Bxd6 31. Rxd6 Nd7 32. Rxg6 Kf7 33. Rd6 Ke7 34. Rd1 Rf8 35. Bg2 Nc5 36.
Rd2 Ne6 37. Kb3 Rh8 38. Bf1 Nc5+ 39. Kb4 Nxe4 40. Rd5 Nxg3 41. Bxb5 Kf6 42. c4 e4 43. c5 e3 44. Rd3 e2 45. Rf3+ Ke5 46. Bxe2 Nxe2 47.
Re3+ Kd5 48. Rxe2 Rb8+ 49. Kc3 Kxc5 50. Rg2 Rg8 51. Rg5+ Kb6 52. Rg6+ Kb7 53. b4 Rc8+ 54. Kb3 Rc7 55. b5 Rf7 56. Kb4 Rf4+ 57. Kc5 Rf5+ 58.
Kb4 Rf4+ 59. Ka5 Rf7 60. Rg5 Ka7 61. b6+ Kb7 62. Re5 g6 63. Kb5 Rg7 64. Rg5 Rf7 65. Rxg6 Rf5+ 66. Kc4 Rf4+ 67. Kd5 Rf5+ 68. Ke4 Rb5 69.
Kd4 Rxb6 70. Rxb6+ Kxb6 1/2-1/2

[Event "*** SCC Grand Prix: Titled Tuesday Blitz"]
[Site "Chess.com"]
[Date "2020.07.14"]
[Round "5"]
[White "GAusal"]
[Black "Alindsay211"]
[Result "1/2-1/2"]
[WhiteElo "2060"]
[BlackElo "2291"]
[TimeControl "180+1"]
[EndTime "10:58:15 PDT"]
[Termination "Game drawn - insufficient material"]

1. d4 Nf6 2. Nf3 g6 3. c4 Bg7 4. e4 d6 5. Nc3 O-O 6. Be2 e5 7. O-O exd4 8. Nxd4 Nc6 9. Be3 Re8 10. f3 Nh5 11. Nxc6 bxc6 12. Qd2 Be6 13. Rad1 Nf6 14. Bg5 Qc8 15. Be3 Qb7 16. c5 d5 17. Bd4 Rad8 18. exd5 cxd5 19. c6 Qb8 20. Bb5 Nh5 21. Kh1 Bxd4 22.
Qxd4 Ng7 23. Rfe1 Nf5 24. Qc5 a6 25. Bxa6 Qxb2 26. Re2 Qb8 27. Red2 Ne7 28. a4 Qa8 29. Bb5 Qa5 30. Rd4 Rd6 31. Qb4 Qa7 32. Ne2 Red8 33. Nf4 Nf5 34. R4d2 d4 35. Nd3 Ne3 36. Rc1 Bf5 37. Qc5 Qxc5 38. Nxc5 Rd5 39. Ne4 Kg7 40. Nf2 R5d6 41. Nd3 Bxd3 42. Rxd3 Nf5 43. Rc4 Ra8 44. g4 Ne7 45. Rcxd4 Rxd4 46. Rxd4 Kf6 47. Rd7 Ra7 48.
Kg2 Ke6 49. Kg3 h6 50. h4 Kf6 51. f4 h5 52. g5+ Ke6 53. Kf3 f5 54. Rd3 Nc8 55.
Re3+ Kf7 56. Rd3 Nd6 57. Rxd6 Ke7 58. Ke3 Kxd6 59. Kd4 Ra8 60. Kc4 Re8 61. a5 Re4+ 62. Kb3 Re8 63. a6 Ra8 64. Kb4 Kd5 65. Ka5 Kc5 66.
Ba4 Ra7 67. Bb3 Kxc6 68. Bf7 Kc5 69. Bxg6 Kd4 70. Bxf5 Ke3 71. g6 Kxf4 72. g7 Ra8 73. Bh7 Kg4 74. g8=Q+ Rxg8 75. Bxg8 Kxh4 76. Bd5 Kg3 77.
a7 c6 78. a8=Q cxd5 79. Qxd5 h4 80. Kb4 h3 81. Qg5+ Kh2 82. Kc3 Kh1 83. Qg3 h2 84. Qf3+ Kg1 85. Qg3+ Kh1 86. Qh3 Kg1 87. Qxh2+ Kxh2 1/2-1/2